 Dungeon Crawl Stone Soup version 0.28-a0-1374-ga75cb3825e (webtiles) character file.

Game seed: 13158270165044587513

540 night the Skirmisher (level 7, -10/55 (56) HPs)
             Began as a Demonspawn Wanderer on Dec 31, 2021.
             Was a Believer of Lugonu.
             Mangled by an orc warrior (15 damage)
             ... on level 4 of the Dungeon.
             The game lasted 00:07:27 (3856 turns).

night the Skirmisher (Demonspawn Wanderer)          Turns: 3856, Time: 00:07:27

HP:   -10/55 (56)   AC: 17    Str: 13    XL:     7   Next: 5%
MP:   8/8           EV: 15    Int: 19    God:    Lugonu [**....]
Gold: 160           SH:  0    Dex:  8    Spells: 7/8 levels left

rFire   . . .      SeeInvis .   a - +2 quarterstaff (chaos)
rCold   + . .      Faith    .   (shield currently unavailable)
rNeg    . . .      Spirit   .   h - +2 ring mail {rC+}
rPois   .          Reflect  .   (no helmet)
rElec   .          Harm     .   g - +2 cloak
rCorr   .          Rampage  .   (no gloves)
Will    .....                   i - +0 pair of boots
Stlth   +.........              (no amulet)
HPRegen 0.18/turn               (no ring)
MPRegen 0.22/turn               (no ring)

@: agile, sanguine armoured, lightly drained
A: powered by pain 2, magic regeneration, sanguine armour 1
a: Renounce Religion, Depart the Abyss, Bend Space


You were on level 4 of the Dungeon.
You worshipped Lugonu.
Lugonu was pleased with you.
You visited 1 branch of the dungeon, and saw 4 of its levels.

You collected 160 gold pieces.

Inventory:

Hand Weapons
 a - a +2 quarterstaff of chaos (weapon)
 j - a +0 shortbow
Missiles
 c - 149 stones
 f - 45 arrows
Armour
 b - a +0 scale mail
 g - a +2 cloak (worn)
 h - a +2 ring mail of cold resistance (worn)
 i - a +0 pair of boots (worn)
 m - the +0 ring mail of the Midnight Sun {rF+ rCorr Dex-5 SInv}
   (You found it on level 3 of the Dungeon)

   Dex:       It affects your dexterity (-5).
   rF:        It protects you from fire.
   SInv:      It lets you see invisible.
   rCorr:     It protects you from acid and corrosion.
Jewellery
 r - a ring of protection from fire
Scrolls
 d - a scroll of enchant weapon
 e - 4 scrolls of identify
 k - a scroll of blinking {unknown}
 l - a scroll of acquirement {unknown}
Potions
 n - 2 potions of ambrosia {unknown}
 o - a potion of magic
 q - a potion of curing {unknown}


   Skills:
 + Level 5.3 Fighting
 + Level 5.2 Staves
 + Level 2.0 Bows
 - Level 1.0 Throwing
 - Level 1.0 Armour
 - Level 1.0 Stealth
 - Level 1.0 Spellcasting
 - Level 1.0 Summonings


You had 7 spell levels left.
You knew the following spells:

 Your Spells              Type           Power      Damage    Failure   Level
a - Summon Small Mammal   Summ           16%        N/A       26%         1

Your spell library contained the following spells:

 Spells                   Type           Power      Damage    Failure   Level
 Animate Skeleton         Necr           0%         N/A       36%         1
 Pain                     Necr           0%         1d4       36%         1
 Ensorcelled Hibernation  Hex/Ice        0%         N/A       52%         2
 Call Canine Familiar     Summ           4%         N/A       61%         3
 Spider Form              Tmut/Pois      0%         N/A       75%         3
 Vampiric Draining        Necr           0%         2d6       75%         3


Dungeon Overview and Level Annotations

Branches:
Dungeon (4/15)
 Temple: D:4-7

Altars:
Lugonu

Shops:
D:1 =


Innate Abilities, Weirdness & Mutations

You sometimes gain power by taking damage.
You regenerate magic rapidly.
When seriously injured, your blood forms armour. (AC +6)


Message History

The orc warrior hits you with a +0 trident.
You closely miss the orc warrior.
The orc warrior is lightly wounded.
The orc warrior hits you but does no damage.
You hit the orc warrior. You burn the orc warrior.
The orc warrior is heavily wounded.
The orc warrior hits you with a +0 trident!
You focus on the pain.
You feel agile all of a sudden.
Your blood congeals into armour.
You hit the orc warrior but do no damage.
The orc warrior is heavily wounded.
The orc warrior hits you with a +0 trident!
You hit the orc warrior but do no damage.
The orc warrior is heavily wounded.
The orc warrior closely misses you.
You closely miss the orc warrior.
The orc warrior is heavily wounded.
The orc warrior hits you with a +0 trident!
* * * LOW HITPOINT WARNING * * *
You hit the orc warrior but do no damage.
The orc warrior seems to speed up.
The orc warrior is moderately wounded.
The orc warrior hits you with a +0 trident!
* * * LOW HITPOINT WARNING * * *
The orc warrior hits you with a +0 trident.
* * * LOW HITPOINT WARNING * * *
It was a potion of heal wounds.
You feel much better. The orc warrior closely misses you.
You completely miss the orc warrior.
The orc warrior is moderately wounded.
The orc warrior hits you with a +0 trident!
* * * LOW HITPOINT WARNING * * *
The orc warrior closely misses you.
You hit the orc warrior but do no damage.
The orc warrior is moderately wounded.
The orc warrior completely misses you.
It was a potion of magic.
Magic courses through your body.
The orc warrior hits you with a +0 trident!
You die...

#..#.........#
#..#.#########
#..#.# ####..#.#
#.......#
#.##..#.# #..#.#
#..#.# ##@#.#
#o#.##########
#....o..........<#
#####..#########.#
#..# #.##### #..#
#...... #.?#
####### #..# #..#


You could see an orc warrior (fast) and an orc.

Vanquished Creatures
  A black bear (D:3)
  An ogre (D:4)
  A scorpion (D:4)
  A water moccasin skeleton (D:4)
  A bullfrog skeleton (D:4)
  An orc wizard (D:4)
  A hound skeleton (D:4)
  4 gnolls
  8 adders
  A dart slug (D:4)
  An orc (D:4)
  3 bats
  14 endoplasms
  2 giant cockroaches
  4 goblins
  5 hobgoblins
  5 jackals
  2 quokkas
  14 ball pythons
  3 frilled lizards
  7 kobolds
  2 rats
82 creatures vanquished.

Notes
Turn   | Place    | Note
-------+----------+-------------------------------------------
     0 | D:1      | night the Demonspawn Wanderer began the quest for the Orb.
     0 | D:1      | night set off with the following items: a +2 quarterstaff,
                  | a +0 scale mail; and the following spell memorised: Summon
                  | Small Mammal; and the following spells available to
                  | memorise: Call Canine Familiar
     0 | D:1      | Reached XP level 1. HP: 16/16 MP: 2/2
   419 | D:1      | Gained mutation: When seriously injured, your blood forms
                  | armour. (AC +6) [demonic ancestry]
   419 | D:1      | Reached XP level 2. HP: 17/23 MP: 3/3
   685 | D:1      | Found Kalus's Jewellery Boutique.
  1268 | D:2      | Gained mutation: You sometimes gain a little power by
                  | taking damage. [demonic ancestry]
  1268 | D:2      | Reached XP level 3. HP: 28/28 MP: 4/4
  1705 | D:3      | Gained mutation: You regenerate magic rapidly. [demonic
                  | ancestry]
  1705 | D:3      | Reached XP level 4. HP: 18/35 MP: 5/5
  2321 | D:2      | Found a faded altar of an unknown god.
  2330 | D:2      | Prayed at the altar of an unknown god.
  2330 | D:2      | Became a worshipper of Lugonu the Unformed
  2330 | D:2      | Reached * piety under Lugonu
  2330 | D:2      | Reached ** piety under Lugonu
  2635 | D:3      | Reached XP level 5. HP: 40/42 MP: 6/6
  2703 | D:3      | Noticed a black bear
  2709 | D:3      | Killed a black bear
  2919 | D:3      | Identified the +0 ring mail of the Midnight Sun {rF+ rCorr
                  | Dex-5 SInv}
  2937 | D:3      | Gained mutation: You sometimes gain power by taking damage.
                  | [demonic ancestry]
  2937 | D:3      | Reached XP level 6. HP: 42/49 MP: 7/7
  3346 | D:4      | Reached skill level 1 in Bows
  3502 | D:4      | Reached skill level 5 in Fighting
  3502 | D:4      | Reached skill level 5 in Staves
  3779 | D:4      | Reached XP level 7. HP: 53/56 MP: 8/8
  3843 | D:4      | Reached skill level 2 in Bows
  3852 | D:4      | HP: 7/55 [orc warrior (9)]
  3856 | D:4      | Mangled by an orc warrior

Illustrated notes

Levels and vault maps discovered:
D:1:      dpeg_arrival_circle_labyrinth_b, layout_loops_ring, serial_shops, shop
D:2:      layout_basic, basic_ecumenical_altar
D:3:      layout_basic
D:4:      layout_loops_ring, nicolae_figureground_pulse

Skill      XL: |  1  2  3  4  5  6  7 |
---------------+----------------------+-----
Staves         | 3 4 5 |  5.2
Fighting       | 3 4 5 |  5.3
Bows           | 1 2 |  2.0
Throwing       | |  1.0
Armour         | |  1.0
Stealth        | |  1.0
Spellcasting   | |  1.0
Summonings     | |  1.0

Action                   |  1- 3 |  4- 6 |  7- 9 || total
-------------------------+-------+-------+-------++-------
Melee: Quarterstaff      |   115 |   144 |    13 ||   272
Invok: Bend Space        |       |     1 |       ||     1
  Use: Scroll            |       |     2 |       ||     2
       Potion            |       |       |     2 ||     2
Armor: Scale mail        |    34 |       |       ||    34
       Ring mail         |    16 |    60 |     4 ||    80
Dodge: Dodged            |    60 |    79 |     5 ||   144

Table legend: (Time is in decaauts)
 A = Elapsed time spent in this place.
 B = Non-inter-level travel time spent in this place.
 C = Inter-level travel time spent in this place.
 D = Time resting spent in this place.
 E = Time spent auto-exploring this place.
 F = Levels seen in this place.
 G = Mean time per level.
                   A        B        C        D        E       F      G
               +--------+--------+--------+--------+--------+-----+--------+
         Total |   3889 |   3790 |     99 |    461 |   2660 |   4 |  972.2 |
       Dungeon |   3889 |   3790 |     99 |    461 |   2660 |   4 |  972.2 |
               +--------+--------+--------+--------+--------+-----+--------+

Top non-repeatable levels by time:
     D:1: 1266 daAuts
     D:3: 1027 daAuts
     D:2: 951 daAuts
     D:4: 643 daAuts
